Cogmind - Beta 9.1 @@@ ROGUE MODE // 2019.10.31 @ 23:10:24 Player: MrPainting Result: Destroyed self with Mini Grenade Launcher Performance ------------- Evolutions (0) 0 Regions Visited (2) 400 Robots Destroyed (19) 95 Value Destroyed (387) 387 Prototype IDs (2) 40 Alien Tech Used (0) 0 Bonus (0) 0 TOTAL SCORE: 922 Bonus ------- None Cogmind --------- Core Integrity 0/250 Matter 90/300 Energy 113/250 System Corruption 0% Temperature Cool (242) Location -10/Mines Parts ------- Power (1) Ion Engine Propulsion (2) Aluminum Leg Utility (2) Large Storage Unit Light Armor Plating Weapon (2) Mini Grenade Launcher Mini Grenade Launcher Inventory (10) Light Ion Engine Improved Heat Sink Disposable Heat Sink Large Storage Unit Large Storage Unit Structural Scanner Light EM Pulse Cannon Light EM Pulse Cannon Mining Laser Peak State ------------ Power Ion Engine Propulsion Aluminum Leg Aluminum Leg Utility Improved Heat Sink Large Storage Unit Weapon Light EM Pulse Cannon Light Assault Rifle Inventory Light Ion Engine Disposable Heat Sink Large Storage Unit Large Storage Unit Structural Scanner Light Armor Plating Light EM Pulse Cannon Mini Grenade Launcher Mini Grenade Launcher Mining Laser [Rating: 11] Favorites ----------- Power Ion Engine Engine Ion Engine Propulsion Aluminum Leg Treads Light Treads Leg Aluminum Leg Utility Large Storage Unit Device Heat Sink Storage Large Storage Unit Protection Light Armor Plating Weapon Light EM Pulse Cannon Energy Gun Medium Laser Energy Cannon Light EM Pulse Cannon Ballistic Gun Light Assault Rifle Launcher Grenade Launcher Build | -11 -10 -10 ------- Run | Scr Mat Min Slots Evolved . | . . . Power . | . . . Propulsion . | . . . Utility . | . . . Weapon . | . . . Parts Attached 28 | 4 18 6 Power 3 | 1 2 . Engine 3 | 1 2 . Core . | . . . Reactor . | . . . Propulsion 5 | 1 4 . Treads 1 | . 1 . Leg 4 | 1 3 . Wheel . | . . . Hover . | . . . Flight . | . . . Utility 7 | . 5 2 Device 3 | . 2 1 Storage 3 | . 3 . Processor . | . . . Hackware . | . . . Protection 1 | . . 1 Artifact . | . . . Weapon 13 | 2 7 4 Energy Gun 2 | 2 . . Energy Cannon 3 | . 2 1 Ballistic Gun 3 | . 3 . Ballistic Cannon . | . . . Launcher 5 | . 2 3 Special Weapon . | . . . Impact Weapon . | . . . Slashing Weapon . | . . . Piercing Weapon . | . . . Special Melee Weapon . | . . . Unidentified Prototypes . | . . . Parts Lost 5 | . 3 2 Power 1 | . 1 . Propulsion 3 | . 2 1 Utility . | . . . Weapon 1 | . . 1 Highest Loss Streak 2 | . 1 2 Average Slot Usage (%) 78 | . 76 100 Engine 10 | . 9 14 Treads 6 | . 6 . Leg 14 | . 13 28 Device 5 | . 5 11 Storage 14 | . 15 14 Energy Gun 6 | . 7 . Energy Cannon 8 | . 7 14 Ballistic Gun 8 | . 7 9 Launcher 3 | . 3 4 Naked Turns . | . . . Heaviest Build 36 | 9 36 30 Greatest Support 20 | 10 20 20 Greatest Overweight (x) 9 | . 9 1 Average Overweight (x) . | . . 1 Largest Inventory Capacity 16 | 4 16 10 Average Capacity 9 | 4 10 10 Most Carried 10 | 4 10 10 Average Carried 7 | 1 7 9 Final Capacity 10 | 4 10 10 Final Carried 10 | 2 10 9 Class Distribution -------------------- 78% | Mutant 21% | Scavenger-Mutant Dominant Class ---------------- Mutant | -10/Materials Scavenger-Mutant | -10/Mines Resources | -11 -10 -10 ----------- Run | Scr Mat Min Matter Collected 365 | 215 150 . Remotely . | . . . Salvage Created 508 | . 391 117 Parts 40 | . 31 9 Haulers Intercepted 1 | . 1 . Recyclers Shooed . | . . . Parts Field Recycled . | . . . Retrieved Matter . | . . . Parts Self-Destructed . | . . . Prevented . | . . . Kills | -11 -10 -10 ------- Run | Scr Mat Min Combat Hostiles Destroyed 13 | . 10 3 Guns 4 | . 4 . Cannons 2 | . 2 . AOE 7 | . 4 3 Classes Destroyed 7 | . 7 . Builder 1 | . 1 . Tunneler 2 | . 1 1 Hauler 1 | . 1 . Recycler 1 | . 1 . Watcher 1 | . 1 . Swarmer 6 | . 6 . Grunt 7 | . 4 3 Best Kill Streak 7 | . 7 4 Combat Bots Only 4 | . 4 3 Max Kills in Single Turn 3 | . 3 2 Gunslinging . | . . . Exploded 2 | . 2 1 Melee . | . . . Uniques/NPCs Destroyed . | . . . Combat | -11 -10 -10 -------- Run | Scr Mat Min Damage Taken 1111 | . 646 465 Core 254 | . 151 103 Absorbed by Shields . | . . . Core Remaining (%) 100 | 100 . . Volleys Fired 39 | . 32 7 Largest 2 | . 2 2 Hottest 112 | . 90 112 Shots Fired 73 | . 60 13 Gun 42 | . 42 . Cannon 21 | . 15 6 Launcher 10 | . 3 7 Special . | . . . Kinetic 20 | . 20 . Thermal 13 | . 13 . Explosive 10 | . 3 7 Electromagnetic 30 | . 24 6 Robot Hit Streak 8 | . 7 8 Robot Miss Streak 4 | . 4 1 Penetration Max . | . . . Secondary Targets . | . . . Shots Hit Robots 42 | . 32 10 Core Hits 28 | . 22 6 Critical Hits . | . . . Critical Kills . | . . . Critical Parts Destroyed . | . . . Melee Attacks . | . . . Impact . | . . . Slashing . | . . . Piercing . | . . . Sneak Attacks . | . . . Combat Hostiles . | . . . Follow-up Attacks . | . . . Damage Inflicted 1337 | . 687 650 Guns 267 | . 267 . Cannons 319 | . 203 116 Explosions 751 | . 217 534 Melee . | . . . Ramming . | . . . Kinetic 104 | . 104 . Thermal 271 | . 161 110 Explosive 554 | . 130 424 Electromagnetic 408 | . 292 116 Impact . | . . . Slashing . | . . . Piercing . | . . . Highest Corruption . | . . . Average Corruption . | . . . Corruption Purged . | . . . Overload Shots . | . . . Overflow Damage 81 | . 23 58 Projectiles 18 | . 10 8 Explosions 63 | . 13 50 Melee . | . . . Knockbacks . | . . . Impact . | . . . Kinetic . | . . . Secondary . | . . . Self-Inflicted Damage 329 | . 158 171 Shots 8 | . 3 5 Rammed . | . . . Targets Rammed . | . . . Kicked . | . . . Crushed . | . . . Highest Temperature 233 | . 204 233 Average Temperature 70 | . 45 159 Received Heat Transfer 282 | . 111 171 Siege Activations . | . . . Robots Corrupted . | . . . Combat Hostiles . | . . . Parts Fried . | . . . Impact Corruptions . | . . . Robots Melted . | . . . Combat Hostiles . | . . . Parts Melted 1 | . 1 . Heat Transferred 472 | . 322 150 Parts Sabotaged . | . . . Parts Stolen . | . . . Parts Stripped . | . . . Power Chain Reactions 2 | . 1 1 Missiles Intercepted . | . . . Alert | -11 -10 -10 ------- Run | Scr Mat Min Peak Influence 229 | . 229 93 Average Influence 68 | . 77 33 Maximum Alert Level 1 | . 1 . Low Security (%) 92 | . . . Level 1 7 | . . . Level 2 . | . . . Level 3 . | . . . Level 4 . | . . . Level 5 . | . . . High Security . | . . . Max Security . | . . . Squads Dispatched 1 | . 1 . Investigation . | . . . Extermination . | . . . Reinforcement 1 | . 1 . Assault . | . . . Garrison . | . . . Intercept . | . . . Construction Impeded . | . . . Haulers Reinforced . | . . . Stealth | -11 -10 -10 --------- Run | Scr Mat Min Distress Signals . | . . . Communications Jammed . | . . . Distress Signals . | . . . Times Spotted 28 | . 24 4 Peak Tracking Total 4 | . 4 4 Tactical Retreats 6 | . 6 . Traps | -11 -10 -10 ------- Run | Scr Mat Min Traps Triggered 1 | . 1 . Indirectly . | . . . Trap Hack Attempts . | . . . Triggered . | . . . Disarmed . | . . . Reprogrammed . | . . . Reused . | . . . Traps Extracted . | . . . Installed . | . . . Triggered . | . . . Machines | -11 -10 -10 ---------- Run | Scr Mat Min Machines Disabled 2 | . 2 . Max in Single Turn 2 | . 2 . Machines Sabotaged . | . . . Garrisons Compromised . | . . . Overloaded Fab Kills . | . . . Fab Network Shutdowns . | . . . Hacking | -11 -10 -10 --------- Run | Scr Mat Min Machines Accessed 2 | . 2 . Terminals 2 | . 2 . Fabricators . | . . . Repair Stations . | . . . Recycling Units . | . . . Scanalyzers . | . . . Garrison Access . | . . . Total Hacks 7 | . 7 . Successful 4 | . 4 . Failed 3 | . 3 . Catastrophic . | . . . Database Lockouts . | . . . Manual 1 | . 1 . Terminals 7 | . 7 . Fabricators . | . . . Repair Stations . | . . . Recycling Units . | . . . Scanalyzers . | . . . Garrison Access . | . . . Terminal Hacks 3 | . 3 . Robot Analysis 1 | . 1 . Prototype ID Bank 1 | . 1 . Branch Access Points 1 | . 1 . Fabricator Hacks . | . . . Repair Station Hacks . | . . . Recycling Unit Hacks . | . . . Scanalyzer . | . . . Garrison Access Hacks . | . . . Unauthorized Hacks 2 | . 2 . Terminals 1 | . 1 . Botnet 1 | . 1 . Fabricators . | . . . Repair Stations . | . . . Recycling Units . | . . . Scanalyzers . | . . . Garrison Access . | . . . Data Cores Recovered . | . . . Used . | . . . Hacking Detections 1 | . 1 . Full Trace Events . | . . . Feedback Events . | . . . Feedback Blocked . | . . . Robot Schematics Acquired . | . . . Robots Built . | . . . Matter . | . . . Time . | . . . Total Robot Build Rating . | . . . Part Schematics Acquired . | . . . Parts Built . | . . . Matter . | . . . Time . | . . . Total Part Build Rating . | . . . Parts Repaired . | . . . Time . | . . . Parts Recycled . | . . . Recycled Matter . | . . . Retrieved Matter . | . . . Retrieved Components . | . . . Parts Scanalyzed . | . . . Part Schematics Acquired . | . . . Parts Damaged . | . . . Bothacking | -11 -10 -10 ------------ Run | Scr Mat Min Used RIF Installer . | . . . Robots Hacked . | . . . Non-combat . | . . . Combat . | . . . Robot Hacks Applied . | . . . Relay Couplers Released . | . . . Robots Rewired . | . . . Allies Hacked . | . . . Hacks Repelled . | . . . Allies | -11 -10 -10 -------- Run | Scr Mat Min Total Allies . | . . . Largest Group . | . . . Highest-Rated Group . | . . . Highest-Rated Ally . | . . . Total Orders . | . . . Ally Attacks . | . . . Total Damage . | . . . Kills . | . . . Allies Corrupted . | . . . Allies Melted . | . . . Intel | -11 -10 -10 ------- Run | Scr Mat Min Robot Analysis Total 1 | . 1 . Derelict Logs Recovered . | . . . Drone Launches . | . . . Drone Recoveries . | . . . Exploration | -11 -10 -10 ------------- Run | Scr Mat Min Turns Passed 1119 | 70 949 100 Spaces Moved 592 | 55 488 49 Core 10 | 8 2 . Treads 233 | . 233 . Legs 349 | 47 253 49 Wheels . | . . . Hover . | . . . Flight . | . . . Fastest Speed 50 | 50 120 150 Average Speed 151 | 109 156 150 Slowest Speed 500 | 120 500 150 Overloaded Moves . | . . . Propulsion Burnouts . | . . . Robots Hopped . | . . . Cave-ins Triggered . | . . . Exploration Rate (%) 34 | 3 80 21 Regions Visited 2 Branch Regions 1 Pre-discovered Areas . | . . . Known Exits Taken 1 | . 1 . Unknown Exits Taken 1 | 1 . . Scrap Searched . | . . . Spaces Dug . | . . . Terrain Destroyed 106 | . 54 52 Melee . | . . . Projectile . | . . . AOE 106 | . 54 52 Actions | -11 -10 -10 --------- Run | Scr Mat Min Total 743 | 64 617 62 Wait 46 | . 46 . Move 590 | 54 487 49 Hop . | . . . Pick Up 29 | 6 23 . Fast Attach . | . . . Attach 14 | 4 9 1 Detach 1 | . 1 . Swap 14 | . 9 5 Drop 10 | . 10 . Fire 39 | . 32 7 Melee . | . . . Ram . | . . . Kick . | . . . Crush . | . . . Escape Stasis . | . . . Rewire . | . . . Trap . | . . . Miscellaneous . | . . . Route ------- -11/Scrapyard -10/Materials (discovered 3 exits: [*Mat] / *Min x2) -10/Mines History --------- Turn | Location | Event 14 | -11/Scrapyard | Discovered new exit (range 15) 71 | -11/Scrapyard | Entered Materials 117 | -10/Materials | Discovered new exit (range 16) 301 | -10/Materials | Build established: Mutant 392 | -10/Materials | Core integrity fell below 50% 445 | -10/Materials | Discovered new exit (range 9) 561 | -10/Materials | Discovered new exit (range 10) 663 | -10/Materials | Identified exit to Mines 1020 | -10/Materials | Entered Mines 1112 | -10/Mines | Core integrity fell below 20% 1120 | -10/Mines | Destroyed self with Mini Grenade Launcher Last Messages --------------- 01010_ R-06 Scavenger collects Heat Sink. LOCATION=MINES GOAL=ESCAPE Something is scanning the area. 01093_ Lgt. Assault Rifle destroyed. 01100_ G-34 Mercenary misfires. 01104_ Destroyed Sml. Laser. 01104_ Chain reaction triggered in Ion Engine. 01104_ G-34 Mercenary destroyed. 01104_ T-07 Excavator destroyed. 01111_ G-47 Trooper destroyed. 01114_ Destroyed Sml. Laser. 01114_ G-34 Mercenary destroyed. 01116_ R-06 Scavenger collects Wheel. 01117_ Destroyed Lgt. Nuclear Core. 01120_ The unstable cave ceiling collapses. 01120_ U-05 Engineer lays Concrete. 01120_ Destroyed Particle Gun. 01120_ Aluminum Leg destroyed. 01120_ Destroyed Aluminum Leg. Map ----- +----------------------------------------------------+ | ?????????????????????????????????????????? | | ?????????????????????????????????????????? | | ?????????????????????????????????????????? | | ?????????????????????????????????????????? | | ?????????????????????????????????????????? | | ?????????????????????????????????????????? | | ?????????????????????????????????????????? | | ??????????????????????####???????????????? | | ?????????????????????? ## ????????????? | | ????????????? ???????? #???????????? | | ???????????? ???????? #???????????? | | ???????????? ???????? ???????????? | | ???????????? ##?????? ????????????? | | ???????????? #????## """? #????????? | | ???????????? ???? """ ###??????? | | ????????????# #????# """ ??????? | | ????###?????# #????# r ??????? | | ???## ##???# #??### #??????? | | ???# ##### ### # u ????????? | | ???# ## # u ???????????? | | ????# # # #??????????????? | | ????# # #???????????????? | | ????## # g #???????????????? | | ?????# # #???????????????? | | ????## ##### #???#???????????? | | ???## ##???# @ #??? ###?????????? | | ???# #????# r%= ##?? ##????????? | | ??# #???# ### #????????? | | ??# #??# = #????????? | | ??# #??# #????????? | | ??## ##??# ## #?????????? | | ???###????# #?## ##?????????? | | ??????????## ???# #??????????? | | ???????????#####??? #??????????? | | ??????????????????# #??????????? | | ??????????????????## #??????????? | | ???????????????????# #??????????? | | ??????????????????? """ ##??????????? | | ??????????????????? """ ##???????????? | | ???????????????????# """ ##????????????? | | ???????????????????# ??? ##?????????????? | | ???????????????????##??? ##??????????????? | | ???????????????????????? #???????????????? | | ?????????????????????????#???????????????? | | ?????????????????????????????????????????? | | ?????????????????????????????????????????? | | ?????????????????????????????????????????? | | ?????????????????????????????????????????? | | ?????????????????????????????????????????? | | ?????????????????????????????????????????? | +----------------------------------------------------+ Best States ------------- Heat Dissipation 39 Energy Generation 10 Energy Capacity 250 Matter Stores 300 Matter Capacity 300 Sight Range 16 Terrain Scan Density 10 Armor Coverage 150 Evasion (%) 40 Recoil Reduction 1 Item Schematics ----------------- None Robot Schematics ------------------ None Fabricated ------------ Nothing Alien Tech Used ----------------- None Achievements -------------- None Challenges ------------ None Game ------ Seed IntegrationLauncherGenerator Manual? 0 Play Time 00:10:29 Cumulative 74.2 hours Start 2019.10.31 @ 23:00:32 End 2019.10.31 @ 23:10:24 Sessions 1 Manual Loads 0 Difficulty Rogue Special Mode None Game No. 118 Rogue 118 Adventurer 0 Explorer 0 Win Type - Total 0 Types 0/0/0/0/0/0/0 Lore% 30 Gallery% 42 Achievement% 30 Wizard Run 0 Options --------- ASCII 0 Keyboard 0 Movement Mouse Keybinds 0 Fullscreen 1 Font 18/SmallcapsGlow Map View 76x50 Tactical HUD 1 Map Filters NONE Filters NONE Steam 1 RUN: 25197b98-eebc-4253-a2bc-004250eadafc